 Dungeon Crawl Stone Soup version 0.23-a0-512-g50a8178 (webtiles) character file.

196 theanonym the Skirmisher (level 5, -3/42 HPs)
             Began as a Mummy Warper on Dec 4, 2018.
             Slain by an iguana (8 damage)
             ... on level 4 of the Dungeon.
             The game lasted 00:03:27 (3080 turns).

theanonym the Skirmisher (Mummy Warper)             Turns: 3080, Time: 00:03:28

Health: -3/42      AC:  8    Str: 15    XL:     5   Next: 45%
Magic:  9/9        EV:  9    Int: 13    God:
Gold:   188        SH:  0    Dex: 11    Spells: 9/9 levels left

rFire    . . .     SeeInvis .   a - +0 mace
rCold    + . .     Gourm    .   (no shield)
rNeg     + + +     Faith    .   g - +0 scale mail
rPois    ∞         Spirit   .   (no helmet)
rElec    .         Reflect  .   b - +2 cloak
rCorr    .         Harm     .   i - -2 pair of gloves (curse)
MR       .....                  (no boots)
Stlth    ..........             (no amulet)
HPRegen  0.14/turn              (no ring)
MPRegen  0.11/turn              c - ring of protection from fire

@: no status effects
A: no food or potions, fire vulnerability, cold resistance 1, negative energy
resistance 3, torment resistance, unbreathing
a: no special abilities


Innate Abilities, Weirdness & Mutations

You do not eat or drink.
Your flesh is vulnerable to fire.
You are immune to poison.
Your flesh is cold resistant. (rC+)
You are immune to negative energy. (rN+++)
You are immune to unholy pain and torment.
You can survive without breathing.


   Skills:
 + Level 4.3 Fighting
 + Level 3.5 Maces & Flails
 - Level 0.7 Throwing
 - Level 0.7 Armour
 - Level 1.5 Dodging
 - Level 2.6 Spellcasting
   Level 2.4 Translocations


You had 9 spell levels left.
You didn't know any spells.
Your spell library contained the following spells:

 Spells                   Type           Power        Failure   Level  Hunger
 Blink                    Tloc           N/A          47%         2    N/A
 Shroud of Golubria       Chrm/Tloc      #.........   65%         2    N/A
 Gell's Gravitas          Tloc           #.........   71%         3    N/A
 Lesser Beckoning         Tloc           #.........   71%         3    N/A
 Teleport Other           Tloc           #.......     71%         3    N/A
 Passage of Golubria      Tloc           N/A          98%         4    N/A

Skill      XL: |  1  2  3  4 |
---------------+-------------+-----
Maces & Flails | 2 3 |  3.5
Fighting       | 3 4 |  4.3
Throwing       | |  0.7
Armour         | |  0.7
Dodging        | |  1.5
Spellcasting   | |  2.6
Translocations | |  2.4

Action                   |  1- 3 |  4- 6 || total
-------------------------+-------+-------++-------
Melee: Mace              |    97 |   207 ||   304
Throw: Tomahawk          |       |     3 ||     3
  Use: Scroll            |     5 |       ||     5
Armor: Scale mail        |    55 |   128 ||   183
       Leather armour    |     4 |       ||     4
Dodge: Dodged            |    65 |   107 ||   172

Inventory:

Hand Weapons
 a - a +0 mace (weapon)
Missiles
 e - 2 tomahawks of dispersal (quivered)
 j - a throwing net
Armour
 b - a +2 cloak (worn)
   (You found it on level 2 of the Dungeon)
 g - a +0 scale mail (worn)
   (You found it on level 1 of the Dungeon)
 i - a cursed -2 pair of gloves (worn)
   (You found it on level 1 of the Dungeon)
Jewellery
 c - a ring of protection from fire (right hand)
   (You found it on level 2 of the Dungeon)
 l - an uncursed ring of ice
   (You found it on level 1 of the Dungeon)
Scrolls
 d - a scroll of enchant armour {unknown}
 f - a scroll of immolation
 k - 3 scrolls of enchant weapon
 r - 2 scrolls of identify
 t - a scroll of teleportation {!r}
 y - 3 scrolls of magic mapping
 B - 2 scrolls of blinking


You were on level 4 of the Dungeon.
You were not hungry.

You visited 1 branch of the dungeon, and saw 4 of its levels.

You collected 188 gold pieces.

Dungeon Overview and Level Annotations

Branches:
Dungeon (4/15)
 Temple: D:4-7

Altars:
The Shining One

# . .#.##
..########......
........<......#
....(..@....#..#
..#####l#...#
......# ...#...#
..........
............
...........#.
......... ...


You could see an iguana.

Notes
Turn   | Place    | Note
-------+----------+-------------------------------------------
     0 | D:1      | theanonym the Mummy Warper began the quest for the Orb.
     0 | D:1      | Reached XP level 1. HP: 16/16 MP: 4/4
   173 | D:1      | Reached skill level 2 in Maces & Flails
   173 | D:1      | Reached XP level 2. HP: 18/23 MP: 5/5
   707 | D:1      | Reached XP level 3. HP: 28/28 MP: 7/7
  1017 | D:2      | Reached skill level 3 in Fighting
  1650 | D:2      | Reached XP level 4. HP: 35/35 MP: 8/8
  2100 | D:3      | Reached skill level 3 in Maces & Flails
  2296 | D:3      | Reached skill level 4 in Fighting
  2296 | D:3      | Reached XP level 5. HP: 33/42 MP: 9/9
  2316 | D:3      | HP: 21/42 [crimson imp (2)]
  2348 | D:3      | HP: 21/42 [crimson imp (3)]
  2353 | D:3      | HP: 20/42 [crimson imp (1)]
  2377 | D:3      | HP: 20/42 [crimson imp (2)]
  2404 | D:3      | HP: 21/42 [crimson imp (3)]
  2410 | D:3      | HP: 20/42 [crimson imp (2)]
  2899 | D:4      | HP: 17/42 [iguana (6)]
  3052 | D:4      | Found a glowing golden altar of the Shining One.
  3052 | D:4      | Noticed an ogre
  3073 | D:4      | HP: 20/42 [iguana (5)]
  3076 | D:4      | HP: 5/42 [iguana (9)]
  3080 | D:4      | Slain by an iguana

Vanquished Creatures
  A crimson imp (D:3)
  A jelly (D:3)
  7 adders
  2 oozes (D:1)
  A worm (D:3)
  3 dart slugs
  A leopard gecko (D:1)
  6 giant cockroaches
  8 goblins
  6 hobgoblins
  4 kobolds
  2 ball pythons
  3 bats
  4 frilled lizards
  6 rats
55 creatures vanquished.

Table legend:
 A = Turns spent in this place as a percentage of turns spent in the entire game.
 B = Non-inter-level travel turns spent in this place as a percentage of non-inter-level travel turns spent in the entire game.
 C = Inter-level travel turns spent in this place as a percentage of turns spent in this place.
 D = Turns resting spent in this place as a percentage of non-inter-level travel turns spent in this place.
 E = Turns spent auto-exploring this place as a percentage of non-inter-level travel turns spent in this place.
 F = Non-inter-level travel turns spent in this place divided by the number of levels of this place that you've seen.
                   A       B       C       D       E      F
               +-------+-------+-------+-------+-------+----------------------
         Total | 100.0 | 100.0 |   2.1 |  30.1 |  49.9 | 753.8
       Dungeon | 100.0 | 100.0 |   2.1 |  30.1 |  49.9 | 753.8
               +-------+-------+-------+-------+-------+----------------------
